 Dungeon Crawl Stone Soup version 0.28-a0-726-g4a9143789a (webtiles) character file.

Game seed: 4881805670002871897

40 flotson the Sneak (level 3, -16/29 HPs)
             Began as a Demonspawn Delver on Oct 27, 2021.
             Demolished by an ogre (32 damage)
             ... on level 5 of the Dungeon.
             The game lasted 00:00:56 (294 turns).

flotson the Sneak (Demonspawn Delver)                Turns: 294, Time: 00:00:56

Health: -16/29     AC:  4    Str: 13    XL:     3   Next: 30%
Magic:  3/3        EV: 12    Int: 11    God:
Gold:   11         SH:  0    Dex: 14    Spells: 2/2 levels left

rFire   . . .      SeeInvis .   h - +0 flail
rCold   . . .      Faith    .   (no shield)
rNeg    . . .      Spirit   .   b - +0 leather armour
rPois   .          Reflect  .   (no helmet)
rElec   .          Harm     .   (no cloak)
rCorr   .          Rampage  .   (no gloves)
Will    .....                   (no boots)
Stlth   ++........              (no amulet)
HPRegen 0.09/turn               (no ring)
MPRegen 0.08/turn               (no ring)

@: no status effects
A: rugged brown scales 1, demonic magic 1
a: no special abilities


You were on level 5 of the Dungeon.
You visited 1 branch of the dungeon, and saw 1 of its levels.

You collected 11 gold pieces.

Inventory:

Hand Weapons
 a - a +0 hand axe
 h - a +0 flail (weapon)
Armour
 b - a +0 leather armour (worn)
Wands
 g - a wand of digging (1)
Scrolls
 c - a scroll of fog
 e - a scroll of fear
 i - a scroll of enchant weapon {unknown}


   Skills:
 + Level 3.3 Fighting
 + Level 2.2 Axes
 + Level 1.1 Armour
 + Level 2.2 Dodging
 - Level 4.5 Stealth


You had 2 spell levels left.
You didn't know any spells.
Your spell library was empty.

Dungeon Overview and Level Annotations

Branches:
Dungeon (5/15)
 Temple: D:4-7

Altars:


Innate Abilities, Weirdness & Mutations

You are partially covered in rugged brown scales. (AC +1, +3% HP)
Spells you cast may paralyse adjacent enemies.


Message History

The adder poisons you!
You barely miss the adder.
The adder is moderately wounded.
You feel sick. The adder barely misses you.
The adder bites you but does no damage.
You barely miss the adder.
The adder is moderately wounded.
You feel sick.
The adder bites you but does no damage. x2
You closely miss the adder.
The adder is moderately wounded.
You feel sick.
You are no longer poisoned.
The adder barely misses you.
You barely miss the adder.
The adder is moderately wounded.
The adder misses you. The adder bites you but does no damage.
Okay, then.
You barely miss the adder.
The adder is moderately wounded.
The adder barely misses you. The adder misses you.
The jelly quivers.
You hit the adder.
The adder is almost dead.
The adder bites you.
You closely miss the adder.
The adder is almost dead.
The adder bites you but does no damage. The adder closely misses you.
You closely miss the adder.
The adder is almost dead.
The adder barely misses you. The adder bites you.
You hit the adder.
The adder is almost dead.
The adder bites you but does no damage. The adder closely misses you.
You sock the adder!
You kill the adder!
An iguana comes into view.
The iguana hisses angrily.
You hear an angry hiss.
The ogre hits you with a +0 giant club!!
Ouch! That really hurt!
You die...

*,** **,** *,,****
**,,,,,*** **,,,,,,,,*
*,,,,,,,,,,
###########.,,,,,,,,,
#.JO.....lS.,,,,,,,,,
##.##@#####..,,,,,,,,,
#............,,,,,,,,,
#.##.#.##.###,****,,,,
#.##.#.#*,***,****,,,*
#†##....,,,,,,,,,,,***
#.##.#.#.**,***,**,*
#....#....,,,,,,,,,*
#.##.#.#.#.#*,*,**,*
#$##.$.#....,,,,**,*


You could see an ogre, an iguana, a jelly and an adder.

Vanquished Creatures
  A bullfrog zombie (D:5)
  An adder (D:5)
2 creatures vanquished.

Notes
Turn   | Place    | Note
-------+----------+-------------------------------------------
     0 | D:5      | flotson the Demonspawn Delver began the quest for the Orb.
     0 | D:5      | Reached XP level 1. HP: 18/18 MP: 1/1
    25 | D:5      | Noticed a scorpion
    43 | D:5      | Reached skill level 1 in Armour
    43 | D:5      | Gained mutation: Spells you cast may paralyse adjacent
                  | enemies. [demonic ancestry]
    43 | D:5      | Reached XP level 2. HP: 11/24 MP: 2/2
    43 | D:5      | Gained mutation: You are partially covered in rugged brown
                  | scales. (AC +1, +3% HP) [demonic ancestry]
    43 | D:5      | Reached XP level 3. HP: 11/29 MP: 3/3
   114 | D:5      | Noticed an ogre
   294 | D:5      | Demolished by an ogre

Illustrated notes

Levels and vault maps discovered:
D:5:      layout_cave_pods, minitemple, minmay_diced_spiral

Skill      XL: |  1 |
---------------+----+-----
Axes           | 2 |  2.2
Armour         | 1 |  1.1
Dodging        | 2 |  2.2
Fighting       | |  3.3
Stealth        | |  4.5

Action                   || total
-------------------------++-------
Melee: Flail             ||    24
Evoke: Wand              ||     2
  Use: Potion            ||     1
       Scroll            ||     1
Armor: Leather armour    ||     8
Dodge: Dodged            ||    18

Table legend: (Time is in decaauts)
 A = Elapsed time spent in this place.
 B = Non-inter-level travel time spent in this place.
 C = Inter-level travel time spent in this place.
 D = Time resting spent in this place.
 E = Time spent auto-exploring this place.
 F = Levels seen in this place.
 G = Mean time per level.
                   A        B        C        D        E       F      G
               +--------+--------+--------+--------+--------+-----+--------+
         Total |    287 |    287 |      0 |     49 |    133 |   1 |  287.0 |
       Dungeon |    287 |    287 |      0 |     49 |    133 |   1 |  287.0 |
               +--------+--------+--------+--------+--------+-----+--------+

Top non-repeatable levels by time:
     D:5: 287 daAuts
